 Dungeon Crawl Stone Soup version 0.30.0-5-g1a98f26d00 (webtiles) character file.

Game seed: 12342407469747771080

898 NinjaNoafa the Cleaver (level 8, -6/66 HPs)
             Began as a Hill Orc Fighter on May 8, 2023.
             Was a Plaything of Xom.
             Mangled by a red devil
             ... wielding a +0 trident
             ... summoned by Xom
              (10 damage)
             ... on level 4 of the Dungeon.
             The game lasted 00:07:22 (3001 turns).

NinjaNoafa the Cleaver (Hill Orc Fighter)           Turns: 3001, Time: 00:07:22

Health: -6/66      AC: 14    Str: 20 (21) XL:     8   Next: 7%
Magic:  8/8        EV:  5    Int:  7 (8)  God:    Xom [......]
Gold:   180        SH:  4    Dex:  9 (10) Spells: 7/7 levels left

rFire   . . .        a - +0 war axe
rCold   . . .        c - +0 buckler
rNeg    + . .        w - +2 plate armour {rN+}
rPois   .            z - +0 helmet
rElec   .            (no cloak)
rCorr   .            (no gloves)
SInv    .            (no boots)
Will    .....        (no amulet) Stlth
                     (no ring)
HPRegen 0.31/turn    (no ring)
MPRegen 0.11/turn

%: no passive effects
@: mighty, spiked, attractive, hasted, very quick
A: no striking features
a: Renounce Religion


You were on level 4 of the Dungeon.
You worshipped Xom.
You were a very special plaything of Xom.
You visited 1 branch of the dungeon, and saw 4 of its levels.

You collected 180 gold pieces.

Inventory:

Hand Weapons
 a - a +0 war axe (weapon)
Missiles
 b - 3 boomerangs
 g - 12 poisoned darts (quivered)
Armour
 c - a +0 buckler (worn)
 w - a +2 plate armour of positive energy (worn)
 z - a +0 helmet (worn)
Wands
 y - a wand of flame (22)
 A - a wand of charming (10)
Scrolls
 e - 6 scrolls of identify {unknown}
 f - 2 scrolls of teleportation {unknown}
 h - a scroll of poison {unknown}
 l - 2 scrolls of silence {unknown}
 s - a scroll of fog {unknown}
 B - a scroll of amnesia {unknown}
 C - a scroll of vulnerability {unknown}
 D - a scroll of brand weapon {unknown}
 E - a scroll of torment {unknown}
Potions
 d - a potion of might
 i - a potion of attraction
 j - a potion of magic
 k - a potion of ambrosia {unknown}
 m - 2 potions of curing
 n - a potion of lignification {unknown}
 o - 2 potions of berserk rage {unknown}
 p - 2 potions of haste
 q - a potion of degeneration
 t - 2 potions of flight {unknown}
 u - a potion of resistance {unknown}
 v - 2 potions of brilliance {unknown}
 x - a potion of mutation {unknown}


   Skills:
 - Level 4.0 Fighting
 + Level 11.1 Axes
 - Level 4.0 Armour
 - Level 4.0 Shields


You had 7 spell levels left.
You didn't know any spells.
Your spell library contained the following spells:

 Spells                   Type           Power      Damage    Failure   Level
 Magic Dart               Conj           0%         1d3       100%        1
 Call Imp                 Summ           0%         N/A       100%        2
 Sublimation of Blood     Necr           0%         N/A       100%        2
 Wereblood                Tmut           0%         N/A       100%        2
 Mephitic Cloud           Conj/Pois/Air  0%         N/A       100%        3
 Summon Hydra             Summ           0%         N/A       100%        7


Dungeon Overview and Level Annotations

Branches:
Dungeon (4/15) Zot: 20943
 Temple: D:4-7

Altars:
Ashenzari
Gozag
Xom

Shops:
D:4 :


Message History

The red devil hits you with a +0 trident!
* * * LOW HITPOINT WARNING * * *
Barbed spikes become lodged in your body.
Unknown command.
You feel much better. The iron imp hits you.
* * * LOW HITPOINT WARNING * * *
Unknown command.
You hit the iron imp.
You kill the iron imp!
The iron imp disappears in a puff of smoke!
You completely miss the red devil.
The red devil hits you with a +0 trident!
* * * LOW HITPOINT WARNING * * *
Barbed spikes become lodged in your body.
Unknown command.
Unknown command.
You miss the red devil.
The red devil is lightly wounded.
You block the red devil's attack.
You closely miss the red devil.
The red devil is lightly wounded.
You miss the red devil.
The red devil is lightly wounded.
The red devil barely misses you.
You miss the red devil.
The red devil is lightly wounded.
You hit the red devil but do no damage.
The red devil is lightly wounded.
The red devil hits you with a +0 trident!
* * * LOW HITPOINT WARNING * * *
Barbed spikes become lodged in your body.
Unknown command.
Aiming: Charm
Press: ? - help, Shift-Dir - straight line, f - red devil
Aim: a red devil, wielding a +0 trident (lightly wounded, summoned, chance to affect: 17%)
Okay, then.
Unknown command.
You feel very mighty all of a sudden.
The red devil hits you with a +0 trident!
You die...

...#.###########........#.#.# .
P..#..................# #.#.# #
......................###.#.## #
_........... ..........##....# #
............ #......'.....# #
P...........### #......#####.# #
............#.#####.#### #)## #
..............##....# #..###
............#.##@#### ######...†
..........###..4.#######........#
........#####.#..........####....
........# #......................
........# ###.#.........#.#.#....
........# #...#.........#.#.##.#.
#..<#.#####.###.........#.#.##.#.
#####.........#.........#.#.##.#.
.....######.#.#####.###.#.#.##.#.


You could see a red devil (summoned).

Vanquished Creatures
  Grinder (D:3)
  Sigmund (D:4)
  Edmund (D:4)
  A scorpion (D:4)
  2 hounds (D:4)
  A jelly (D:4)
  Jessica (D:2)
  An orc wizard (D:4)
  Ijyb (D:3)
  Natasha (D:4)
  Robin (D:4)
  6 adders
  5 dart slugs
  A worm (D:3)
  15 orcs
  13 endoplasms
  2 giant cockroaches
  14 goblins
  9 hobgoblins
  A jackal (D:3)
  7 quokkas
  4 ball pythons
  6 bats
  2 frilled lizards
  4 kobolds
  9 rats
110 creatures vanquished.

Vanquished Creatures (others)
  A bat (D:1)
1 creature vanquished.

Grand Total: 111 creatures vanquished

Notes
Turn   | Place    | Note
-------+----------+-------------------------------------------
     0 | D:1      | NinjaNoafa the Hill Orc Fighter began the quest for the
                  | Orb.
     0 | D:1      | Reached XP level 1. HP: 19/19 MP: 1/1
   185 | D:1      | Reached XP level 2. HP: 27/27 MP: 2/2
   194 | D:1      | Reached skill level 3 in Axes
   324 | D:1      | Found a faded altar of an unknown god.
   459 | D:1      | Prayed at the altar of an unknown god.
   459 | D:1      | Became a worshipper of Xom of Chaos
   675 | D:1      | XOM: 10-stop teleportation journey
   760 | D:1      | Reached XP level 3. HP: 33/33 MP: 3/3
   822 | D:1      | XOM: noise
   832 | D:1      | XOM: divination: detect items
   994 | D:2      | Noticed Jessica
   996 | D:2      | Killed Jessica
  1069 | D:2      | Reached XP level 4. HP: 40/40 MP: 4/4
  1162 | D:2      | Reached skill level 4 in Axes
  1473 | D:3      | Reached skill level 5 in Axes
  1543 | D:3      | XOM: noise
  1552 | D:3      | Found a shimmering altar of Xom.
  1574 | D:3      | Noticed Grinder
  1578 | D:3      | XOM: potion effect (berserk rage)
  1581 | D:3      | Paralysed by Grinder for 2 turns
  1584 | D:3      | Killed Grinder
  1585 | D:3      | Reached skill level 7 in Axes
  1585 | D:3      | Reached XP level 5. HP: 46/46 MP: 5/5
  1585 | D:3      | Reached XP level 6. HP: 52/52 MP: 6/6
  1701 | D:3      | Found a broken altar of Ashenzari.
  2091 | D:3      | XOM is BORED!
  2091 | D:3      | XOM: noise
  2230 | D:3      | Reached skill level 8 in Axes
  2272 | D:4      | Found the +5 robe of Night {Dark Will+ SInv}
  2391 | D:4      | Noticed Edmund
  2405 | D:4      | Killed Edmund
  2406 | D:4      | Reached skill level 9 in Axes
  2406 | D:4      | Reached XP level 7. HP: 50/59 MP: 7/7
  2427 | D:4      | XOM: god gift: murky green potion {god gift}
  2431 | D:4      | Noticed Robin
  2432 | D:4      | Noticed Ijyb
  2467 | D:3      | Killed Ijyb
  2509 | D:4      | Killed Robin
  2546 | D:4      | Found an opulent altar of Gozag.
  2562 | D:4      | Noticed Natasha
  2574 | D:4      | Killed Natasha
  2581 | D:4      | Noticed Sigmund
  2598 | D:4      | Killed Sigmund
  2599 | D:4      | Reached skill level 10 in Axes
  2610 | D:4      | XOM is BORED!
  2634 | D:4      | Found Synyppa's Book Emporium.
  2830 | D:4      | XOM: cast spell 'Summon Mana Viper'
  2835 | D:4      | Reached skill level 11 in Axes
  2835 | D:4      | Reached XP level 8. HP: 50/66 MP: 8/8
  2962 | D:4      | XOM: summons 5 hostile demons
  2963 | D:4      | Noticed a red devil
  3001 | D:4      | Mangled by a red devil

Illustrated notes

Levels and vault maps discovered:
D:1:      tarquinn_simple_flora_water_e, layout_loops_corners,
          shapermc_ecumenical_altar_venn, minmay_split_cup_large
D:2:      minmay_wonky_spiral, layout_basic, uniq_jessica
D:3:      minmay_chambers_of_threes, layout_basic, marbit_many_paths,
          nicolae_ashenzari_skybound, minmay_misc_feat_tower, uniq_grinder
D:4:      layout_basic, mainiacjoe_overflow_tiny_flanked, serial_shops,
          nicolae_lakefront_shop, nicolae_goblin_pals, uniq_sigmund,
          uniq_natasha, uniq_edmund

Skill      XL: |  1  2  3  4  5  6  7 |
---------------+----------------------+-----
Axes           | 3 7 9 11 | 11.1
Fighting       | 4 |  4.0
Shields        | 4 |  4.0
Armour         | 4 |  4.0

Action                     |  1- 3 |  4- 6 |  7- 9 || total
---------------------------+-------+-------+-------++-------
  Melee: War axe           |    62 |   134 |    99 ||   295
    Use: Potion            |       |       |    11 ||    11
 Armour: Scale mail        |    34 |    45 |       ||    79
         Plate armour      |       |    40 |    91 ||   131
  Dodge: Dodged            |    40 |    46 |    27 ||   113
  Block: Buckler           |    13 |    35 |    23 ||    71
